 Dungeon Crawl Stone Soup version 0.28-a0-1356-g2ad6d04315 (webtiles) character file.

Game seed: 676679499933444319

538 browni3141 the Cleaver (level 7, 0/82 HPs)
             Began as a Palentonga Berserker on Dec 31, 2021.
             Was a Priest of Trog.
             Slain by Duvessa (10 damage)
             ... on level 4 of the Dungeon.
             The game lasted 00:04:38 (3581 turns).

browni3141 the Cleaver (Palentonga Berserker)       Turns: 3581, Time: 00:04:38

Health: 0/82       AC: 15    Str: 21    XL:     7   Next: 5%
Magic:  7/7        EV:  9    Int:  7    God:    Trog [***...]
Gold:   200        SH:  0    Dex: 11    Spells: 6/6 levels left

rFire   . . .      SeeInvis +   a - +0 hand axe
rCold   . . .      Faith    .   (no shield)
rNeg    + . .      Spirit   .   n - +3 leather armour
rPois   .          Reflect  .   r - +0 helmet
rElec   .          Harm     .   (no cloak)
rCorr   .          Rampage  .   (no gloves)
Will    .....                   (no barding)
Stlth   ..........              (no amulet)
HPRegen 0.23/turn               i - ring of positive energy
MPRegen 0.10/turn               (no ring)

@: berserking, curled up, very quick
A: large, rugged brown scales 3, see invisible, deformed body, roll 1, armoured
tail, reflexive curl
a: Rolling Charge, Renounce Religion, Berserk, Trog's Hand


You were on level 4 of the Dungeon.
You worshipped Trog.
Trog was most pleased with you.
You visited 1 branch of the dungeon, and saw 4 of its levels.

You collected 200 gold pieces.

Inventory:

Hand Weapons
 a - a +0 hand axe (weapon)
Armour
 b - a +0 animal skin
 e - a +1 scale mail
 n - a +3 leather armour (worn)
 r - a +0 helmet (worn)
Jewellery
 i - a ring of positive energy (left hand)
 k - an amulet of guardian spirit
Wands
 q - a wand of polymorph (10)
 s - a wand of digging (2)
Scrolls
 c - a scroll of teleportation
 d - a scroll of noise {unknown}
 f - a scroll of enchant armour
 h - a scroll of amnesia
 j - a scroll of torment {unknown}
 m - a scroll of vulnerability {unknown}
 o - a scroll of enchant weapon {unknown}
 p - 2 scrolls of identify
Potions
 g - a potion of lignification
 l - a potion of flight
 t - a potion of degeneration {unknown}


   Skills:
 - Level 3.0 Fighting
 * Level 8.1 Axes
 - Level 1.5 Armour
 - Level 1.5 Dodging


You had 6 spell levels left.
You didn't know any spells.
Your spell library was empty.

Dungeon Overview and Level Annotations

Branches:
Dungeon (4/15)
 Temple: D:4-7

Altars:
Elyvilon
Fedhas
Vehumet

Annotations:
D:4 Duvessa


Innate Abilities, Weirdness & Mutations

You are completely covered in rugged brown scales. (AC +3, +7% HP)
You have supernaturally acute eyesight. (SInv)
Armour fits poorly on your strangely shaped body.
You can roll at nearby foes to attack.
You have a long armoured tail.
You curl defensively after being hit. (AC +7*)


Message History

The adder bites you.
You are poisoned.
The adder poisons you!
You hit the adder.
The adder is heavily wounded.
You feel sick. The adder barely misses you.
A red film seems to cover your vision as you go berserk!
You feel yourself moving faster!
You feel mighty!
You feel sick. The adder barely misses you.
Duvessa hits you with a +0 short sword! The adder completely misses you.
You hit the adder.
You kill the adder!
Trog accepts your kill.
You slash Duvessa!
You feel sick. Duvessa hits you with a +0 short sword.
You completely miss Duvessa.
Duvessa is lightly wounded.
Duvessa hits you with a +0 short sword!
You hit Duvessa but do no damage.
Duvessa is lightly wounded.
You feel sick. Duvessa hits you with a +0 short sword.
You slash Duvessa!
Duvessa is moderately wounded.
Duvessa hits you with a +0 short sword!
You hit Duvessa. You tail-slap Duvessa.
Duvessa is heavily wounded.
You feel sick. Duvessa hits you with a +0 short sword!
* * * LOW HITPOINT WARNING * * *
You slash Duvessa!
Duvessa is severely wounded.
You feel sick.
You are no longer poisoned.
Duvessa hits you with a +0 short sword.
* * * LOW HITPOINT WARNING * * *
You hit Duvessa but do no damage. You tail-slap Duvessa!
Duvessa is almost dead.
Duvessa hits you but does no damage.
You hit Duvessa.
Your tail-slap misses Duvessa.
Duvessa is almost dead.
Duvessa hits you with a +0 short sword!
You die...

.....................)........
.........)....######..........
######.[.####..# #.#########
#...# #.## #.# ######
#...#####..# #.# #....#
#..........####.# #....#
####............# #....#
#............# #....#
#....@.......# #....#
#...e........# #....# .
#............# #....#
...####.......#..#.# #....#
..............##.#.# #....##
.....$........##.#.# #......
..............##...# #....##
..............###..# ##.####
.(......####### #..# #.# #


You could see Duvessa (berserk).

Vanquished Creatures
  An ice beast (D:3)
  A scorpion (D:3)
  Dowan (D:4)
  2 hounds (D:4)
  A jelly (D:4)
  An orc priest (D:4)
  Ijyb (D:4)
  2 orc wizards (D:4)
  A gnoll (D:2)
  3 adders
  A worm (D:3)
  4 dart slugs
  12 orcs
  8 bats
  9 endoplasms
  3 giant cockroaches
  7 goblins
  7 hobgoblins
  2 quokkas (D:2)
  6 ball pythons
  6 frilled lizards
  8 kobolds
  3 rats
90 creatures vanquished.

Notes
Turn   | Place    | Note
-------+----------+-------------------------------------------
     0 | D:1      | browni3141 the Palentonga Berserker began the quest for the
                  | Orb.
     0 | D:1      | Reached XP level 1. HP: 19/19 MP: 1/1
    89 | D:1      | Found a faded altar of an unknown god.
   419 | D:1      | Reached XP level 2. HP: 22/25 MP: 2/2
   554 | D:1      | Reached skill level 4 in Axes
   845 | D:2      | Reached ** piety under Trog
   852 | D:2      | Reached XP level 3. HP: 29/31 MP: 3/3
  1642 | D:2      | Reached XP level 4. HP: 37/37 MP: 4/4
  1714 | D:2      | Reached skill level 5 in Axes
  1970 | D:3      | Found a blossoming altar of Fedhas.
  1981 | D:3      | Noticed a scorpion
  1988 | D:3      | Killed a scorpion
  1989 | D:3      | Reached XP level 5. HP: 43/43 MP: 5/5
  2453 | D:3      | Reached skill level 6 in Axes
  2503 | D:3      | Reached *** piety under Trog
  2750 | D:4      | Noticed an ice beast
  2776 | D:3      | Killed an ice beast
  2777 | D:3      | Reached XP level 6. HP: 40/50 MP: 6/6
  2846 | D:4      | Reached skill level 7 in Axes
  3001 | D:4      | Noticed Dowan
  3082 | D:4      | Killed Dowan
  3200 | D:4      | Found a white marble altar of Elyvilon.
  3393 | D:4      | Found a radiant altar of Vehumet.
  3394 | D:4      | Noticed Ijyb
  3413 | D:4      | Killed Ijyb
  3518 | D:4      | Reached skill level 8 in Axes
  3521 | D:4      | Gained mutation: You curl defensively after being hit. (AC
                  | +7*) [Palentonga growth]
  3521 | D:4      | Reached XP level 7. HP: 50/55 MP: 7/7
  3569 | D:4      | Noticed Duvessa
  3581 | D:4      | Slain by Duvessa

Illustrated notes

Levels and vault maps discovered:
D:1:      dpeg_arrival_three_same_balls, layout_basic,
          chequers_ecumenical_altar_twisty
D:2:      minmay_chambers_of_twos, layout_basic
D:3:      layout_loops_ring, fedhas_altar_2, serial_glass, glass_columns_b,
          glass_columns_b, glass_columns_a, glass_columns_a
D:4:      layout_basic, vehumet_crystals, elyvilon_altar_3, uniq_duvessa,
          uniq_ijyb

Skill      XL: |  1  2  3  4  5  6 |
---------------+-------------------+-----
Axes           | 4 5 6 8 |  8.1
Fighting       | |  3.0
Armour         | |  1.5
Dodging        | |  1.5

Action                   |  1- 3 |  4- 6 |  7- 9 || total
-------------------------+-------+-------+-------++-------
Melee: Hand axe          |   110 |   144 |    18 ||   272
       Tailslap          |    15 |    18 |     3 ||    36
Invok: Berserk           |     1 |     3 |     1 ||     5
 Abil: Rolling Charge    |    35 |    27 |     1 ||    63
  Use: Scroll            |     1 |     4 |       ||     5
Armor: Animal skin       |    14 |       |       ||    14
       Scale mail        |    39 |    34 |       ||    73
       Leather armour    |       |    37 |     5 ||    42
Dodge: Dodged            |    35 |    54 |     6 ||    95

Table legend: (Time is in decaauts)
 A = Elapsed time spent in this place.
 B = Non-inter-level travel time spent in this place.
 C = Inter-level travel time spent in this place.
 D = Time resting spent in this place.
 E = Time spent auto-exploring this place.
 F = Levels seen in this place.
 G = Mean time per level.
                   A        B        C        D        E       F      G
               +--------+--------+--------+--------+--------+-----+--------+
         Total |   3620 |   3517 |    103 |    372 |   2553 |   4 |  905.0 |
       Dungeon |   3620 |   3517 |    103 |    372 |   2553 |   4 |  905.0 |
               +--------+--------+--------+--------+--------+-----+--------+

Top non-repeatable levels by time:
     D:1: 1003 daAuts
     D:3: 950 daAuts
     D:2: 936 daAuts
     D:4: 730 daAuts
